 Dungeon Crawl Stone Soup version 0.24-a0-365-ga4d96b6e6e (webtiles) character file.

Game seed: 1516137062263644759

1794 mhoghedin the Spear-Bearer (level 8, -5/58 HPs)
             Began as a Demonspawn Chaos Knight on May 27, 2019.
             Was a Plaything of Xom.
             Killed from afar by an electric eel (9 damage)
             ... with a bolt of electricity
             ... on level 6 of the Dungeon.
             The game lasted 00:12:52 (6332 turns).

mhoghedin the Spear-Bearer (DsCK)                   Turns: 6332, Time: 00:12:53

Health: -5/58      AC:  9    Str: 18      XL:     8   Next: 82%
Magic:  0/8        EV: 26    Int: 15      God:    Xom [.*....]
Gold:   454        SH:  0    Dex: 14 (15) Spells: 7/7 levels left

rFire    . . .     SeeInvis +   a - +4 trident
rCold    . . .     Gourm    .   (no shield)
rNeg     . . .     Faith    .   s - +2 robe of Kuqo {Str+3 SInv}
rPois    +         Spirit   +   (helmet restricted)
rElec    .         Reflect  .   w - +2 cloak
rCorr    .         Harm     .   k - +1 pair of gloves
MR       .....                  (no boots)
Stlth    +++.......             f - amulet of the acrobat
HPRegen  0.19/turn              (no ring)
MPRegen  0.22/turn              p - +1 ring of slaying

@: acrobat
A: antennae 2, talons 1, agile 1, clever 1, deterioration 1, mutation resistance
2, nightstalker 2, poison resistance, wild magic 1, magic shield, magic
regeneration
a: Renounce Religion


You were on level 6 of the Dungeon.
You worshipped Xom.
You were a plaything of Xom.
You were not hungry.

You visited 1 branch of the dungeon, and saw 6 of its levels.
You also visited: Sewer.

You collected 454 gold pieces.

Inventory:

Hand Weapons
 a - a +4 trident (weapon)
   (You found it on level 4 of the Dungeon)
 b - a +1 spear of freezing
   (You took it off a gnoll on level 6 of the Dungeon)
Missiles
 m - a silver javelin (quivered)
Armour
 k - a +1 pair of gloves (worn)
   (You found it on level 3 of the Dungeon)
 s - the +2 robe of Kuqo (worn) {Str+3 SInv}
   (You found it on level 4 of the Dungeon)

   It affects your strength (+3).
   It lets you see invisible.
 w - a +2 cloak (worn)
   (You found it on level 5 of the Dungeon)
Jewellery
 f - an amulet of the acrobat (around neck)
   (You found it on level 1 of the Dungeon)
 p - a +1 ring of slaying (right hand)
   (You found it on level 4 of the Dungeon)
Wands
 u - a wand of random effects (24)
   (You found it on level 5 of the Dungeon)
Scrolls
 g - 4 scrolls of identify
 h - 4 scrolls of remove curse
 o - 2 scrolls of teleportation
Potions
 j - a potion of heal wounds
 l - 3 potions of agility {unknown}
 n - 3 potions of flight
 q - a potion of lignification {unknown}
 r - a potion of haste {unknown}
 t - 2 potions of curing
 v - a potion of experience {unknown}
 z - a potion of degeneration {unknown}
Comestibles
 c - 9 rations


   Skills:
 - Level 3.0 Fighting
 + Level 10.7 Polearms
 - Level 1.7 Armour
 - Level 0.8 Dodging


You had 7 spell levels left.
You didn't know any spells.
Your spell library was empty.

Dungeon Overview and Level Annotations

Branches:
Dungeon (6/15)
 Temple: D:4-7

Altars:
Ashenzari
Dithmenos
Elyvilon
Gozag
Kikubaaqudgha
Nemelex Xobeh
Okawaru
Qazlal
Wu Jian
Xom
Yredelemnul
Zin

Shops:
D:5 }

Annotations:
D:6 3 runed translucent doors, Stiffzip's ghost, amateur SpEn


Innate Abilities, Weirdness & Mutations

You have a pair of antennae on your head.
You are significantly more attuned to the shadows.
When hurt, damage is shared between your health and your magic reserves.
You regenerate magic rapidly.
You have sharp toenails.
You are agile. (Dex +2)
Your mind is acute. (Int +2)
Your body sometimes deteriorates upon taking damage.
You are somewhat resistant to both further mutation and mutation removal.
Your system is resistant to poisons. (rPois)
Your spells are a little harder to cast, but a little more powerful.


Message History

Found an escape hatch in the ceiling.
You open the gate.
There is an open gate here.
An electric eel comes into view.
An electric eel is nearby!
Your library has no spells.
Unknown command.
Attack whom?
Aim: an electric eel (water, resting)
You reach to attack!
The helpless electric eel fails to defend itself.
You hit the electric eel. You closely miss the electric eel.
You claw the electric eel. You miss the electric eel.
Your kick misses the electric eel.
The electric eel shoots out a bolt of lightning at you!
The bolt of electricity hits you.
You hit the electric eel.
You kill the electric eel!
You hear a splash.
No target in view!
You take 3 damage, and have 55/58 hp.
You now have 7/8 mp.
No target in view!
No target in view!
No target in view!
No target in view!
No target in view!
No target in view!
No target in view!
Your library has no spells.
A crimson imp comes into view.
MP restored: 8
There is a fountain of clear blue water here.
You see here 12 gold pieces.
Attack whom?
Aim: a crimson imp (resting)
You reach to attack!
The helpless crimson imp fails to defend itself.
You puncture the crimson imp! You puncture the crimson imp!
You kill the crimson imp!
No target in view!
No target in view!
No target in view!
No target in view!
No target in view!
No target in view!
No target in view!
No target in view!
No target in view!
No target in view!
You now have 454 gold pieces (gained 12).
There is a fountain of clear blue water here.
An electric eel comes into view.
The electric eel shoots out a bolt of lightning at you!
The bolt of electricity hits you!
You take 7 damage, and have 50/58 hp.
You now have 7/8 mp.
An electric eel is nearby!
An electric eel comes into view.
The electric eel shoots out a bolt of lightning at you!
The bolt of electricity hits you.
You take 5 damage, and have 45/58 hp.
You now have 6/8 mp.
Aim: an electric eel (water)
The puff of frost hits the electric eel.
The electric eel shoots out a bolt of lightning at you!
The bolt of electricity hits you!
You take 7 damage, and have 38/58 hp.
Aim: an electric eel (water, moderately wounded)
The electric eel resists with significant effort.
The electric eel shoots out a bolt of lightning at you!
The bolt of electricity hits you!
The electric eel shoots out a bolt of lightning at you!
The bolt of electricity hits you.
Your body deteriorates!
You feel clumsy.
You take 13 damage, and have 25/58 hp.
MASSIVE DAMAGE!!
You now have 5/8 mp.
The electric eel shoots out a bolt of lightning at you!
The bolt of electricity hits you!
* * * LOW HITPOINT WARNING * * *
The electric eel shoots out a bolt of lightning at you!
The bolt of electricity hits you!
* * * LOW HITPOINT WARNING * * *
Xom is interested.
You take 21 damage, and have 4/58 hp.
MASSIVE DAMAGE!!
You now have 1/8 mp.
Okay, then.
Unknown command.
You feel much better.
The electric eel shoots out a bolt of lightning at you!
The bolt of electricity hits you!
* * * LOW HITPOINT WARNING * * *
The electric eel shoots out a bolt of lightning at you!
The bolt of electricity hits you!
* * * LOW HITPOINT WARNING * * *
You now have 0/8 mp.
The electric eel shoots out a bolt of lightning at you!
The bolt of electricity hits you!
You die...
Xom bursts into laughter!

#..........## #≈.≈#
##.......... #.........##
#≈.≈# #.<.........
.........##
#≈.≈####..###......
###......# #≈.≈#.....#
#.###.# #...#######
##.##########.# #..
#...'.≈≈≈≈≈≈##.##≈≈≈≈≈≈.'.#
##.
#...'.........⌠.........'.#
#.
#...'.≈≈≈≈≈≈##.##≈≈≈≈≈≈.'.#
#. #...#######
##@###############|
##.###..#.# #≈.≈# #.##.#
#... #.## ##.#.# #≈.≈#
##....###.## #)# #.#.##
#≈.≈# #.........#
#)#####....# #≈.≈#
#.##..###.## ##.##....#.#
#;.;# #.##..# #...
##......#.# #≈.≈#
#.##..####..
#.)#'#...###≈≈≈#
#.#..[##.... #..#_#.....#
#### #.#...(.....


You could see 2 electric eels.

Vanquished Creatures
  Grinder (D:4)
  A sky beast (D:5)
  A phantom (D:5)
  An ice beast (D:6)
  2 ogres (D:4)
  A bullfrog (D:6)
  An electric eel (D:6)
  2 crimson imps
  2 howler monkeys
  3 hounds
  A bullfrog zombie (D:5)
  An orc priest (D:4)
  A gnoll shaman (D:3)
  5 orc wizards
  An iguana (D:4)
  2 merfolk sirens (Sewer)
  4 worker ants
  8 gnolls
  12 adders
  2 river rats (Sewer)
  4 oozes
  5 worms
  A dart slug (D:1)
  10 leopard geckos
  12 orcs
  6 ball pythons
  6 giant cockroaches
  8 goblins
  6 hobgoblins
  4 jackals (D:3)
  7 kobolds
  A quokka (D:2)
  2 bats
  5 frilled lizards
  A leopard gecko skeleton (D:4)
  A quokka skeleton (D:4)
  27 rats
158 creatures vanquished.

Vanquished Creatures (collateral kills)
  An orc wizard (D:5)
  A worker ant (D:5)
  A merfolk avatar (Sewer)
  A quokka (D:5)
  A frilled lizard (Sewer)
5 creatures vanquished.

Vanquished Creatures (others)
  An orc priest (D:4)
  An orc (D:4)
  2 fungi (D:6)
  2 plants (D:6)
6 creatures vanquished.

Grand Total: 169 creatures vanquished

Notes
Turn   | Place    | Note
-------+----------+-------------------------------------------
     0 | D:1      | mhoghedin the Demonspawn Chaos Knight began the quest for
                  | the Orb.
     0 | D:1      | Reached XP level 1. HP: 18/18 MP: 1/1
    19 | D:1      | XOM: silly message
    21 | D:1      | XOM: divination: detect items
    61 | D:1      | XOM: polymorph hobgoblin -> goblin
    62 | D:1      | Reached skill level 3 in Polearms
   110 | D:1      | Gained mutation: When hurt, damage is shared between your
                  | health and your magic reserves. [demonic ancestry]
   110 | D:1      | Reached XP level 2. HP: 18/24 MP: 2/2
   157 | D:1      | XOM: god gift: mace {god gift}
   477 | D:2      | XOM: noise
   514 | D:2      | Gained mutation: You have a pair of small antennae on your
                  | head. [demonic ancestry]
   514 | D:2      | Reached XP level 3. HP: 27/29 MP: 3/3
   528 | D:2      | Reached skill level 4 in Polearms
   551 | D:2      | XOM: scenery: create altars
   553 | D:2      | XOM: scenery: create altars
   595 | D:2      | XOM: god gift: scroll labeled DEKLOB RADUOTE {god gift}
   657 | D:2      | Found a stormy altar of Qazlal.
   658 | D:2      | Found a basalt altar of Yredelemnul.
   658 | D:2      | Found a shattered altar of Ashenzari.
   891 | D:2      | Gained mutation: You have a pair of antennae on your head.
                  | [demonic ancestry]
   891 | D:2      | Reached XP level 4. HP: 34/35 MP: 4/4
  1223 | D:3      | XOM: summons 2 hostile demons
  1225 | D:3      | XOM: smoke on damage
  1258 | D:3      | XOM: 3-stop teleportation journey
  1702 | D:3      | Found a shadowy altar of Dithmenos.
  1765 | D:3      | XOM: give mutation
  1765 | D:3      | Gained mutation: Your body sometimes deteriorates upon
                  | taking damage. [Xom's mischief]
  1770 | D:3      | XOM: noise
  1805 | D:3      | Reached skill level 5 in Polearms
  1859 | D:3      | HP: 8/35 [poisoned by a kobold]
  2340 | D:4      | Noticed Grinder
  2343 | D:4      | XOM: confuse monster(s)
  2351 | D:4      | XOM: cleaving
  2358 | D:4      | HP: 8/35 [something (4)]
  2359 | D:4      | Killed Grinder
  2359 | D:4      | Reached skill level 6 in Polearms
  2359 | D:4      | Gained mutation: You regenerate magic rapidly. [demonic
                  | ancestry]
  2359 | D:4      | Reached XP level 5. HP: 9/41 MP: 1/5
  2359 | D:4      | Gained mutation: You are slightly more attuned to the
                  | shadows. [demonic ancestry]
  2359 | D:4      | Reached XP level 6. HP: 10/47 MP: 1/6
  2453 | D:4      | XOM: scenery: 1 doors open
  2460 | D:4      | HP: 6/47 [something (8)]
  2878 | D:4      | Reached skill level 7 in Polearms
  2957 | D:4      | XOM: 2-stop teleportation journey
  2967 | D:4      | Found a glowing drain.
  3005 | Sewer    | Entered a sewer
  3073 | Sewer    | XOM: give mutations
  3073 | Sewer    | Gained mutation: Your mind is acute. (Int +2) [Xom's grace]
  3073 | Sewer    | Gained mutation: Your system is resistant to poisons.
                  | (rPois) [Xom's grace]
  3073 | Sewer    | Gained mutation: Your spells are a little harder to cast,
                  | but a little more powerful. [Xom's grace]
  3114 | Sewer    | XOM: god gift: 6 silver javelins
  3118 | Sewer    | Gained mutation: You are significantly more attuned to the
                  | shadows. [demonic ancestry]
  3118 | Sewer    | Reached XP level 7. HP: 41/52 MP: 7/7
  3272 | Sewer    | XOM: summons 4 friendly demons
  3354 | Sewer    | XOM: medium Pois miscast
  3701 | D:3      | Reached skill level 8 in Polearms
  3724 | D:3      | XOM: mild Air miscast
  3895 | D:4      | XOM: mild Tloc miscast
  3963 | D:4      | Got an opalescent robe
  4032 | D:4      | Identified the +2 robe of Kuqo {Str+3 SInv} (You found it
                  | on level 4 of the Dungeon)
  4128 | D:4      | XOM: divine lightning
  4311 | D:4      | XOM: give mutations
  4311 | D:4      | Gained mutation: You are somewhat resistant to further
                  | mutation. [Xom's grace]
  4311 | D:4      | Gained mutation: You are somewhat resistant to both further
                  | mutation and mutation removal. [Xom's grace]
  4311 | D:4      | Gained mutation: You have sharp toenails. [Xom's grace]
  4311 | D:4      | Gained mutation: You are agile. (Dex +2) [Xom's grace]
  4523 | D:4      | XOM: harmless Pois miscast
  4524 | D:5      | Entered Level 5 of the Dungeon
  4547 | D:5      | XOM: divination: detect items
  4557 | D:5      | Reached skill level 9 in Polearms
  4557 | D:5      | Reached XP level 8. HP: 54/58 MP: 8/8
  4569 | D:5      | XOM: snakes to sticks
  4570 | D:5      | XOM: confusion
  4574 | D:5      | Found Meant's Gadget Boutique.
  4577 | D:5      | XOM: 1-stop teleportation journey
  4637 | D:5      | XOM: silly message
  4658 | D:5      | XOM: harmless Hex miscast
  4708 | D:5      | Found a shimmering altar of Xom.
  4755 | D:5      | XOM: summons friendly quasit
  4805 | D:5      | Found a glowing silver altar of Zin.
  4808 | D:5      | Found a white marble altar of Elyvilon.
  4809 | D:5      | Found a sparkling altar of Nemelex Xobeh.
  4809 | D:5      | Found an opulent altar of Gozag.
  4865 | D:5      | Found a white marble altar of Elyvilon.
  5196 | D:5      | XOM: harmless Pois miscast
  5444 | D:6      | Reached skill level 10 in Polearms
  5455 | D:6      | Found an iron altar of Okawaru.
  5494 | D:6      | XOM: silly message
  5753 | D:6      | XOM: enchant monster (good)
  5803 | D:6      | Found a runed translucent gate.
  5804 | D:6      | Found a runed translucent gate.
  5804 | D:6      | Noticed Stiffzip's ghost (amateur SpEn)
  5805 | D:6      | Found a runed translucent gate.
  6103 | D:6      | Found an ornate altar of the Wu Jian Council.
  6145 | D:6      | Found an ancient bone altar of Kikubaaqudgha.
  6330 | D:6      | HP: 14/58 [electric eel/bolt of electricity (11)]
  6330 | D:6      | HP: 4/58 [electric eel/bolt of electricity (10)]
  6332 | D:6      | Killed from afar by an electric eel

Levels and vault maps discovered:
D:1:      psy_arrival_fountain, layout_rooms
D:2:      layout_basic, chequers_temple_overflow_statue_of_worship,
          nicolae_overflow_hidden_temple
D:3:      layout_loops_cross, grunt_dithmenos_smoke_and_mirrors
D:4:      layout_gridville, cheibrodos_sewer_entry_bend, uniq_grinder
D:5:      minmay_spotlight, layout_basic, grunt_temple_overflow_open,
          nicolae_overflow_crystal_walls, first_ration, basic_altar,
          serial_shops, shop
D:6:      layout_loops_ring, kennysheep_mini_moat, okawaru_gym_becter,
          kiku_gazebo_garden_becter, gammafunk_ghost_nasty_kobolds,
          kennysheep_cross_bottleneck

Skill      XL: |  1  2  3  4  5  6  7  8 |
---------------+-------------------------+-----
Polearms       | 3 4 6 7 9 10 | 10.7
Fighting       | |  3.0
Armour         | |  1.7
Dodging        | |  0.8

Action                   |  1- 3 |  4- 6 |  7- 9 || total
-------------------------+-------+-------+-------++-------
Melee: Spear             |   115 |   180 |       ||   295
       Trident           |       |    38 |   281 ||   319
       Kick              |       |       |    27 ||    27
Throw: Javelin           |       |     1 |     7 ||     8
Evoke: Wand              |       |       |     2 ||     2
  Use: Scroll            |     2 |     2 |     7 ||    11
       Potion            |       |     2 |     2 ||     4
 Stab: Confused          |       |     3 |       ||     3
       Sleeping          |       |     1 |    11 ||    12
       Paralysed         |       |     1 |       ||     1
       Distracted        |       |       |     1 ||     1
  Eat: Chunk             |       |     2 |     9 ||    11
       Ration            |       |     2 |       ||     2
Armor: Leather armour    |    16 |    70 |    37 ||   123
       Robe              |       |       |    23 ||    23
Dodge: Dodged            |    41 |    93 |   106 ||   240

Table legend:
 A = Non-vault XP
 B = Vault XP
 C = Vault XP percentage of total XP
 D = Non-vault monster count
 E = Vault monster count
 F = Vault count percentage of total count
                 A         B        C        D         E       F
            +---------+---------+-------+---------+---------+-------
      Total |    2039 |     525 |  20.5 |     118 |      45 |  27.6
            +---------+---------+-------+---------+---------+-------
        D:1 |      27 |       0 |   0.0 |      13 |       0 |   0.0
        D:2 |      76 |       0 |   0.0 |      24 |       0 |   0.0
        D:3 |     121 |       0 |   0.0 |      20 |       0 |   0.0
        D:4 |     585 |     300 |  33.9 |      23 |       2 |   8.0
        D:5 |     671 |       3 |   0.4 |      20 |       1 |   4.8
        D:6 |     559 |       0 |   0.0 |      18 |       0 |   0.0
      Sewer |       0 |     222 | 100.0 |       0 |      42 | 100.0
            +---------+---------+-------+---------+---------+-------

Levels and vault maps discovered:
D:1:      psy_arrival_fountain, layout_rooms
D:2:      layout_basic, chequers_temple_overflow_statue_of_worship,
          nicolae_overflow_hidden_temple
D:3:      layout_loops_cross, grunt_dithmenos_smoke_and_mirrors
D:4:      layout_gridville, cheibrodos_sewer_entry_bend, uniq_grinder
D:5:      minmay_spotlight, layout_basic, grunt_temple_overflow_open,
          nicolae_overflow_crystal_walls, first_ration, basic_altar,
          serial_shops, shop
D:6:      layout_loops_ring, kennysheep_mini_moat, okawaru_gym_becter,
          kiku_gazebo_garden_becter, gammafunk_ghost_nasty_kobolds,
          kennysheep_cross_bottleneck

Table legend:
 A = Turns spent in this place as a percentage of turns spent in the entire game.
 B = Non-inter-level travel turns spent in this place as a percentage of non-inter-level travel turns spent in the entire game.
 C = Inter-level travel turns spent in this place as a percentage of turns spent in this place.
 D = Turns resting spent in this place as a percentage of non-inter-level travel turns spent in this place.
 E = Turns spent auto-exploring this place as a percentage of non-inter-level travel turns spent in this place.
 F = Non-inter-level travel turns spent in this place divided by the number of levels of this place that you've seen.
                   A       B       C       D       E      F
               +-------+-------+-------+-------+-------+----------------------
         Total | 100.0 | 100.0 |   3.3 |  26.8 |  49.9 | 875.1
       Dungeon |  91.3 |  91.0 |   3.6 |  28.2 |  52.1 | 929.0
         Sewer |   8.7 |   9.0 |   0.0 |  12.1 |  27.0 | 552.0
               +-------+-------+-------+-------+-------+----------------------

Table legend:
 A = Kills in this place as a percentage of kills in entire the game.
 B = Kills by you in this place as a percentage of kills by you in the entire game.
 C = Kills by friends in this place as a percentage of kills by friends in the entire game.
 D = Other kills in this place as a percentage of other kills in the entire game.
 E = Experience gained in this place as a percentage of experience gained in the entire game.
 F = Experience gained in this place divided by the number of levels of this place that you have seen.
                   A       B       C       D       E      F
               +-------+-------+-------+-------+-------+----------------------
         Total | 100.0 | 100.0 | 100.0 |   N/A | 100.0 | 366.3
       Dungeon |  74.2 |  74.7 |  60.0 |   N/A |  91.3 | 390.3
         Sewer |  25.8 |  25.3 |  40.0 |   N/A |   8.7 | 222.0
               +-------+-------+-------+-------+-------+----------------------
